 Dungeon Crawl Stone Soup version 0.22-a0-282-gdd34a7d (webtiles) character file.

310 Deeps the Chopper (level 6, -2/57 HPs)
             Began as a Minotaur Gladiator on Mar 17, 2018.
             Was an Initiate of Okawaru.
             Slain by an ogre
             ... wielding a +0 giant club
              (4 damage)
             ... on level 4 of the Dungeon.
             The game lasted 00:02:58 (2636 turns).

Deeps the Chopper (Minotaur Gladiator)              Turns: 2636, Time: 00:02:58

Health: -2/57      AC:  8    Str: 21    XL:     6   Next: 17%
Magic:  5/5        EV:  8    Int:  5    God:    Okawaru [......]
Gold:   148        SH:  0    Dex: 11    Spells: 5/5 levels left

rFire    . . .     SeeInvis .   a - +0 war axe
rCold    . . .     Gourm    .   (no shield)
rNeg     . . .     Faith    .   g - +0 chain mail
rPois    .         Spirit   .   c - +0 hat
rElec    .         Reflect  .   (no cloak)
rCorr    .         Harm     .   (no gloves)
MR       .....                  (no boots)
Stlth    ..........             (no amulet)
HPRegen  0.19/turn              (no ring)
MPRegen  0.09/turn              (no ring)

@: no status effects
A: retaliatory headbutt, horns 2
a: Renounce Religion


You were on level 4 of the Dungeon.
You worshipped Okawaru.
Okawaru was noncommittal.
You were not hungry.

You visited 1 branch of the dungeon, and saw 4 of its levels.

You collected 148 gold pieces.

Inventory:

Hand Weapons
 a - a +0 war axe (weapon)
Missiles
 d - 3 throwing nets (quivered)
Armour
 b - a +0 leather armour
 c - a +0 hat (worn)
 g - a +0 chain mail (worn)
 q - a +1 leather armour of fire resistance
Jewellery
 i - an uncursed ring of magical power {unknown}
Scrolls
 e - 5 scrolls of teleportation {unknown}
 h - 4 scrolls of identify {unknown}
 j - 2 scrolls of immolation {unknown}
 l - 2 scrolls of remove curse {unknown}
 o - a scroll of enchant weapon {unknown}
 p - a scroll of enchant armour {unknown}
Potions
 k - a potion of haste
 m - a potion of resistance
Comestibles
 f - 9 rations


   Skills:
 + Level 5.8 Fighting
 + Level 6.4 Axes
 - Level 2.0 Throwing
 - Level 3.2 Dodging


You had 5 spell levels left.
You didn't know any spells.

Dungeon Overview and Level Annotations

Branches:
Dungeon (4/15)
 Temple: D:4-7

Altars:
Nemelex Xobeh
Okawaru
Qazlal


Innate Abilities, Weirdness & Mutations

You reflexively headbutt those who attack you in melee.
You have a pair of horns on your head.


Message History

An ogre comes into view. It is wielding a giant club.
The ogre shouts!
Found 22 stones.
An ogre is nearby!
An ogre is nearby!
The ogre hits you with a giant club!
You barely miss the ogre. The ogre hits you with a giant club!
You are too injured to fight recklessly!
You are too injured to fight recklessly!
You slash the ogre!
The ogre is heavily wounded.
You hit the ogre. You headbutt the ogre.
The ogre is almost dead.
The ogre hits you with a giant club!!
* * * LOW HITPOINT WARNING * * *
Unknown command.
You barely miss the ogre. You headbutt the ogre.
The ogre is almost dead.
The ogre hits you with a giant club.
You die...

#...........#
#...........##
.........##..####
.........###.#..##
#.......## ##....#
#.......# #....##
........#####.....#
.....#............#########
#...#.#..#.....@..........
# ##.....O........#
#..#.........##
#..##......###
#..#..#....## ####..##....#
#..#..#.........
####..#.........
#..#.....(...


You could see an ogre.

Vanquished Creatures
  3 orc priests (D:3)
  An iguana (D:4)
  A worker ant (D:3)
  7 adders
  2 oozes
  4 worms
  2 dart slugs (D:1)
  4 leopard geckos
  13 orcs (D:3)
  3 ball pythons
  3 giant cockroaches
  10 goblins
  3 hobgoblins
  4 jackals
  A quokka (D:2)
  2 bats
  2 frilled lizards
  6 kobolds
  8 rats
79 creatures vanquished.

Notes
Turn   | Place    | Note
-------+----------+-------------------------------------------
     0 | D:1      | Deeps the Minotaur Gladiator began the quest for the Orb.
     0 | D:1      | Reached XP level 1. HP: 18/18 MP: 0/0
   231 | D:1      | Reached skill level 4 in Axes
   258 | D:1      | Reached XP level 2. HP: 24/26 MP: 1/1
   650 | D:2      | Found a sparkling altar of Nemelex Xobeh.
   744 | D:2      | Reached XP level 3. HP: 31/31 MP: 2/2
   955 | D:2      | Reached skill level 5 in Axes
   955 | D:2      | Reached XP level 4. HP: 38/40 MP: 3/3
  1546 | D:2      | Found a stormy altar of Qazlal.
  1674 | D:3      | Reached XP level 5. HP: 26/47 MP: 4/4
  1800 | D:3      | Reached skill level 5 in Fighting
  1903 | D:3      | Reached skill level 6 in Axes
  2089 | D:3      | Reached XP level 6. HP: 56/56 MP: 5/5
  2397 | D:3      | Found an iron altar of Okawaru.
  2405 | D:3      | Became a worshipper of Warmaster Okawaru
  2630 | D:4      | HP: 1/57 [ogre/giant club (21)]
  2636 | D:4      | Slain by an ogre

Vault maps used:
D:1:      minmay_arrival_stone_box
D:2:      nemelex_xobeh_ov_fountains_minmay, marbit_many_paths
D:3:      kennysheep_okawaru_gauntlet, first_ration
D:4:      nrook_mini_backslash, hangedman_abyss_or_decor_stagger, corexii_shack

Skill      XL: |  1  2  3  4  5 |
---------------+----------------+-----
Axes           | 4 5 6 |  6.4
Fighting       | 3 4 5 |  5.8
Throwing       | |  2.0
Dodging        | |  3.2

Action                   |  1- 3 |  4- 6 || total
-------------------------+-------+-------++-------
Melee: War axe           |    71 |   106 ||   177
       Headbutt          |     9 |    13 ||    22
  Use: Potion            |       |     6 ||     6
  Eat: Chunk             |       |     6 ||     6
Armor: Chain mail        |    39 |    60 ||    99
       Leather armour    |     1 |       ||     1
Dodge: Dodged            |    36 |    48 ||    84

Table legend:
 A = Spawn XP
 B = Non-spawn XP
 C = Spawn XP percentage of total XP
 D = Spawn monster count
 E = Non-spawn monster count
 F = Spawn count percentage of total count
 G = Total turns spent on level
                    A         B        C        D         E        F      G
               +---------+---------+-------+---------+---------+-------+---------
         Total |       0 |     443 |   0.0 |       0 |      79 |   0.0 |  2636
               +---------+---------+-------+---------+---------+-------+---------
           D:1 |       0 |      28 |   0.0 |       0 |      13 |   0.0 |   643
           D:2 |       0 |     118 |   0.0 |       0 |      30 |   0.0 |   984
           D:3 |       0 |     248 |   0.0 |       0 |      34 |   0.0 |   935
           D:4 |       0 |      49 |   0.0 |       0 |       2 |   0.0 |    74
               +---------+---------+-------+---------+---------+-------+---------
